 Dungeon Crawl Stone Soup version 0.20-a0-792-g09bcfd3 (webtiles) character file.

37 Duffy the Conjurer (level 3, -9/24 HPs)
             Began as a Demonspawn Fire Elementalist on Feb 28, 2017.
             Mangled by an iguana (12 damage)
             ... on level 4 of the Dungeon.
             The game lasted 00:01:30 (1177 turns).

Duffy the Conjurer (Demonspawn Fire Elementalist)   Turns: 1177, Time: 00:01:30

Health: -9/24      AC:  4    Str:  8    XL:     3   Next: 23%
Magic:  0/6        EV: 11    Int: 17    God:
Gold:   66         SH:  0    Dex: 13    Spells: 5/6 levels left

rFire    . . .     SeeInvis .   d - +0 short sword
rCold    . . .     Gourm    .   g - +0 leather armour
rNeg     . . .     Faith    .   (no shield)
rPois    .         Spirit   .   (no helmet)
rElec    .         Reflect  .   e - +0 cloak
rCorr    .         Harm     .   (no gloves)
MR       .....                  (no boots)
Stlth    ++........             (no amulet)
Regen    0.1/turn               (no ring)
MPRegen  0.1/turn               (no ring)

@: very slightly contaminated
A: rot immunity
a: no special abilities


You were on level 4 of the Dungeon.
You were hungry.

You visited 1 branch of the dungeon, and saw 4 of its levels.

You collected 66 gold pieces.

Inventory:

Hand Weapons
 d - a +0 short sword (weapon)
Armour
 e - a +0 cloak (worn)
 g - a +0 leather armour (worn)
Scrolls
 h - 3 scrolls of identify {unknown}
Potions
 f - a potion of degeneration {unknown}
 j - a potion of cancellation {unknown}
Books
 b - a book of Flames

   Spells                             Type                      Level
   a - Flame Tongue                   Conjuration/Fire             1
   b - Throw Flame                    Conjuration/Fire             2
   c - Conjure Flame                  Conjuration/Fire             3
   d - Inner Flame                    Hexes/Fire                   3
   e - Sticky Flame                   Conjuration/Fire             4
   f - Fireball                       Conjuration/Fire             5
Comestibles
 a - a meat ration
 c - 2 bread rations
 i - a chunk of flesh


   Skills:
 - Level 1.7 Dodging
 - Level 1.7 Stealth
 - Level 2.0 Spellcasting
 + Level 3.2 Conjurations
 - Level 2.6 Fire Magic


You had 5 spell levels left.
You knew the following spells:

 Your Spells              Type           Power        Failure   Level  Hunger
a - Flame Tongue          Conj/Fire      ##...        12%         1    #......


Dungeon Overview and Level Annotations

Branches:
Dungeon (4/15)
 Temple: D:4-7

Altars:
Ru


Innate Abilities, Weirdness & Mutations

You are immune to rotting.


Message History

The flame tongue misses the iguana.
The iguana bites you.
Casting: Flame Tongue
Confirm with . or Enter, or press ? or * to list all spells.
Aiming: Flame Tongue
Press: ? - help, Shift-Dir - straight line, f/p - iguana
Aim: an iguana (severely wounded)
The flame tongue hits the iguana.
The iguana appears unharmed.
The iguana is severely wounded.
The iguana misses you.
Casting: Flame Tongue
Confirm with . or Enter, or press ? or * to list all spells.
You don't have enough magic to cast that spell.
Casting: Flame Tongue
Confirm with . or Enter, or press ? or * to list all spells.
You don't have enough magic to cast that spell.
You hit the iguana but do no damage.
The iguana is severely wounded.
The iguana bites you! x2
Ouch! That really hurt!
You die...

##. .#. ... #..
... #... ....
$. #.. #......
... ...#. #.#
... #.#
#.##.#+##
#.l@....##
#.##.....##
#.#.......##
#...<......#
..............+
.####.........#
##.......##
##.....##
##...##


You could see an iguana.

Vanquished Creatures
  An adder (D:2)
  An ooze (D:2)
  A dart slug (D:1)
  2 giant cockroaches
  A goblin (D:2)
  2 hobgoblins
  6 kobolds
  2 bats
  2 frilled lizards (D:1)
  A quokka zombie (D:3)
  6 rats
25 creatures vanquished.

Notes
Turn   | Place    | Note
-------+----------+-------------------------------------------
     0 | D:1      | Duffy the Demonspawn Fire Elementalist began the quest for the Orb.
     0 | D:1      | Reached XP level 1. HP: 13/13 MP: 3/3
   329 | D:1      | Reached skill level 2 in Conjurations
   329 | D:1      | Gained mutation: You are immune to rotting. [demonic ancestry]
   329 | D:1      | Reached XP level 2. HP: 19/19 MP: 0/5
   476 | D:2      | Found a sacrificial altar of Ru.
   682 | D:2      | Reached skill level 3 in Conjurations
   682 | D:2      | Reached XP level 3. HP: 8/24 MP: 0/6
  1177 | D:4      | Mangled by an iguana

Vault maps used:
D:1:      dpeg_arrival_chambers_temple_mockup
D:2:      led_sif_pool, nicolae_ru_awakened_eye, first_bread, trog_book
D:4:      minmay_temple_entry_overgrown, uniq_robin

Skill      XL: |  1  2 |
---------------+-------+-----
Conjurations   | 2 3 |  3.2
Dodging        | |  1.7
Stealth        | |  1.7
Spellcasting   | |  2.0
Fire Magic     | |  2.6

Action                   || total
-------------------------++-------
Melee: Short sword       ||    44
 Cast: Flame Tongue      ||    43
  Eat: Chunk             ||     1
Armor: Robe              ||     1
       Leather armour    ||    14
Dodge: Dodged            ||    37
